 Dungeon Crawl Stone Soup version 0.29.1-15-g9cfb28693d (webtiles) character file.

Game seed: 18431555905632872510

72 101zpm the Magician (level 4, -5/31 HPs)
             Began as a Djinni Fire Elementalist on Mar 16, 2023.
             Killed by nerve-wracking pain
             ... invoked by an orc priest
              (11 damage)
             ... on level 4 of the Dungeon.
             The game lasted 00:02:46 (882 turns).

101zpm the Magician (Djinni Fire Elementalist)       Turns: 882, Time: 00:02:46

Health: -5/31      AC:  3    Str:  7    XL:     4   Next: 50%
Gold:   19         EV: 12    Int: 18    God:
                   SH:  0    Dex: 14

rFire   + + .      SeeInvis .   (no weapon)
rCold   x . .      Faith    .   (no shield)
rNeg    . . .      Spirit   .   a - +0 robe
rPois   ∞          Reflect  .   c - +0 helmet
rElec   .          Harm     .   (no cloak)
rCorr   .          Rampage  .   (no gloves)
Will    .....                   (boots unavailable)
Stlth   ++........              (no amulet)
HPRegen 0.10/turn               (no ring)
MPRegen 0.00/turn               (no ring)

@: flying, very slightly contaminated
A: sickness immunity, fire resistance 2, cold vulnerability 1, float, innate
caster, HP casting, extra vitality 1
a: no special abilities


You were on level 4 of the Dungeon.
You visited 1 branch of the dungeon, and saw 4 of its levels.

You collected 19 gold pieces.

Inventory:

Armour
 a - a +0 robe (worn)
 c - a +0 helmet (worn)
Scrolls
 e - a scroll of silence {unknown}
Potions
 b - a potion of curing {unknown}
 d - a potion of cancellation {unknown}


   Skills:
 + Level 2.5 Dodging
 + Level 2.0 Stealth
 + Level 3.5 Spellcasting


You couldn't memorise any spells.
You knew the following spells:

 Your Spells              Type           Power      Damage    Failure   Level
a - Foxfire               Conj/Fire      64%        2x1d7     3%          1
b - Scorch                Fire           32%        2d7       5%          2
c - Conjure Flame         Conj/Fire      16%        6-21      11%         3
d - Inner Flame           Hex/Fire       16%        N/A       11%         3
e - Flame Wave            Conj/Fire      16%        2d7       34%         4
f - Shock                 Conj/Air       64%        1d7       3%          1
Your spell library was empty.

Dungeon Overview and Level Annotations

Branches:
Dungeon (4/15)
 Temple: D:4-7

Altars:

Annotations:
D:4 1 runed translucent door, 101zpm's ghost, novice DjFE


Innate Abilities, Weirdness & Mutations

You are immune to sickness and miasma.
You are immune to poison.
Your flesh is very heat resistant. (rF++)
You are vulnerable to cold. (rC-)
You float through the air rather than walking.
You learn spells naturally, not from books.
Your magical power is your life essence.
You have superior vitality. (+4 MHP)


Message History

You conjure some foxfire!
Casting: Foxfire (safe; 3% risk of failure)
Confirm with . or Enter, or press ? or * to list all spells.
The spell is quite dangerous to miscast (11% risk of failure)!
Continue anyway?
Aiming: Inner Flame (quite dangerous; 11% risk of failure)
Press: ? - help, Dir - move target, f - orc priest
Aim: an orc priest, wielding a +0 hand axe and wearing a +0 ring mail (ally target, chance to affect: 71%)
You miscast Inner Flame.
Nothing appears to happen.
The foxfire hits the orc priest!
The orc priest is heavily wounded.
The foxfire hits the orc priest but does no damage.
The orc priest is heavily wounded.
Casting: Inner Flame (quite dangerous; 11% risk of failure)
Confirm with . or Enter, or press ? or * to list all spells.
The spell is quite dangerous to miscast (11% risk of failure)!
Continue anyway?
Aiming: Inner Flame (quite dangerous; 11% risk of failure)
Press: ? - help, Dir - move target, f/p - orc priest
Aim: an orc priest, wielding a +0 hand axe and wearing a +0 ring mail (heavily wounded, chance to affect: 71%)
The orc priest is filled with an inner flame.
* * * LOW HITPOINT WARNING * * *
Casting: Foxfire (safe; 3% risk of failure)
Press: ? - help, Q - select action, (/) - cycle Dir - look around, f - activate You conjure some foxfire!
* * * LOW HITPOINT WARNING * * *
Casting: Foxfire (safe; 3% risk of failure)
Press: ? - help, Q - select action, (/) - cycle Dir - look around, f - activate You conjure some foxfire!
* * * LOW HITPOINT WARNING * * *
Your foxfire dissipates!
The foxfire hits the orc priest.
Flame seeps out of the orc priest.
The orc priest is heavily wounded.
The foxfire hits the orc priest but does no damage.
The orc priest is heavily wounded.
The orc priest is engulfed in blazing flames.
Flame seeps out of the orc priest.
The foxfire hits the orc priest.
Flame seeps out of the orc priest.
The orc priest is almost dead.
The orc priest invokes the aid of Beogh against you.
Pain shoots through your body!
You die...

####.....#
.........#
#....)...+
#........###### ..
#.............# §§.o
#.............#
☼).§§#######'#.....#
§○§○o§§§§.†..#.....#
....☼##§@....#†....#
### #......#.....#
########.....#.....
..........#.....
..........#.....
...........#.....
...........#.....
.........P.#.....
#+######..P..#.....


You could see 2 orc priests.

Vanquished Creatures
  An iguana (D:4)
  3 adders
  A dart slug (D:4)
  3 orcs (D:4)
  A ball python (D:1)
  2 bats
  A giant cockroach (D:3)
  A goblin (D:4)
  A hobgoblin (D:2)
  A kobold (D:4)
  A quokka (D:2)
16 creatures vanquished.

Vanquished Creatures (others)
  55 foxfires
55 creatures vanquished.

Grand Total: 71 creatures vanquished

Notes
Turn   | Place    | Note
-------+----------+-------------------------------------------
     0 | D:1      | 101zpm the Djinni Fire Elementalist began the quest for the
                  | Orb.
     0 | D:1      | 101zpm set off with the following spells memorised:
                  | Foxfire, Scorch, Conjure Flame, Inner Flame, Flame Wave.
     0 | D:1      | Reached XP level 1. HP: 15/15 MP: 0/0
   153 | D:2      | Reached XP level 2. HP: 16/21 MP: 0/0
   234 | D:2      | Reached skill level 3 in Spellcasting
   234 | D:2      | Reached XP level 3. HP: 21/25 MP: 0/0
   234 | D:2      | Learned a level 1 spell: Shock
   653 | D:4      | Found a runed translucent door.
   659 | D:4      | Noticed 101zpm's ghost (novice DjFE)
   747 | D:4      | Reached XP level 4. HP: 21/31 MP: 0/0
   872 | D:4      | Noticed a necrophage
   882 | D:4      | Killed from afar by an orc priest

Illustrated notes

Levels and vault maps discovered:
D:1:      mrwooster_arrival_arrow, layout_loops_ring, serial_shops,
          nicolae_lakefront_shop, ebering_ecumenical_altar_box,
          chequers_serial_rivers_large_a, hangedman_decor_clover_reticule
D:2:      layout_rooms, solitary_fountain, minmay_box_of_dots
D:3:      layout_basic, lemuel_blue_sif_altar, chequers_serial_rivers_small_3
D:4:      layout_gridville, gammafunk_ghost_grave, serial_forest,
          infiniplex_forest_lined_2, infiniplex_forest_straight_2,
          infiniplex_forest_straight_3, infiniplex_forest_zigzag_1,
          infiniplex_forest_diagonal, infiniplex_forest_lined_4_way,
          infiniplex_forest_clump_cross

Skill      XL: |  1  2  3 |
---------------+----------+-----
Spellcasting   | 3 |  3.5
Stealth        | 2 |  2.0
Dodging        | |  2.5

Action                   |  1- 3 |  4- 6 || total
-------------------------+-------+-------++-------
 Cast: Foxfire           |    30 |     6 ||    36
       Scorch            |     5 |     2 ||     7
       Inner Flame       |       |     4 ||     4
